cohdb
Replays
Latest Replays
All Replays
Popular Replays
Top Player Replays
Match Explorer
How It Works
Community
CoH3 Stats
Reddit
Sign in to upload your games and track your stats! →
Sign in with Steam
Match 47228345
Unlisted
Match 47228345
Overview
Messages
Build Orders
End
Pioneer Squad
Construct Infanterie Kompanie
Selects Terror Battlegroup
Selects Machine Gun Camouflage
MG 42 Machine Gun Team
MG 42 Machine Gun Team
MG 42 Machine Gun Team
MG 42 Machine Gun Team
Construct Luftwaffe Kompanie
221 Scout Car
221 Scout Car
Jäger Squad
Jäger Squad
Medical Station
Support Elements
Selects No Quarter
Construct Panzergrenadier Kompanie
Nebelwerfer 42 Rocket Launcher Team
Wirbelwind Flakpanzer
UMirinBrah?
帝国大机霸贝克尔少校
Vulpes
Ghost
0
0
Comments
sign in to comment!
No comments posted yet!